 Dungeon Sprint DCSS version 0.30.1-11-g7821555f0a (webtiles) character file.

Game seed: 13033389182838036293

27 Heoruswealwe the Trooper (level 2, -2/29 HPs)
             Began as a Minotaur Berserker on Nov 1, 2023.
             Was a Believer of Trog.
             Drowned by a water elemental (8 damage)
             ... in the Dungeon (Sprint III: "The Ten Rune Challenge").
             The game lasted 00:02:39 (162 turns).

Heoruswealwe the Trooper (Minotaur Berserker)        Turns: 162, Time: 00:02:39

Health: -2/29      AC:  3    Str: 21    XL:     2   Next: 93%
Magic:  1/1        EV: 12    Int:  4    God:    Trog [**....]
Gold:   20         SH:  0    Dex:  9    Spells: 1/1 levels left

rFire   . . .        a - +0 hand axe
rCold   . . .        (no shield)
rNeg    . . .        c - +0 leather armour
rPois   .            (helmet restricted)
rElec   .            (no cloak)
rCorr   .            (no gloves)
SInv    .            (no boots)
Will    .....        (no amulet)
Stlth   +            (no ring)
HPRegen 0.24/turn    (no ring)
MPRegen 0.07/turn

%: no teleportation
@: engulfed (cannot breathe)
A: horns 2, retaliatory headbutt
a: Renounce Religion, Berserk, Trog's Hand


You were in the Dungeon.
You worshipped Trog.
Trog was pleased with you.
You visited 1 branch You collected 20 gold pieces.

Inventory:

Hand Weapons
 a - a +0 hand axe (weapon)
Armour
 c - a +0 leather armour (worn)
Scrolls
 b - a scroll of immolation {unknown}
 d - 3 scrolls of identify
 h - a scroll of blinking
 l - a scroll of poison {unknown}
Potions
 e - a potion of haste
 f - 2 potions of magic
 g - a potion of berserk rage
 j - 3 potions of flight
 k - 4 potions of mutation
 m - a potion of degeneration {unknown}


   Skills:
 + Level 5.0 Fighting
 + Level 5.0 Axes
 + Level 4.2 Armour
 + Level 3.8 Dodging


You had one spell level left.
You didn't know any spells.
Your spell library was empty.

Dungeon Overview and Level Annotations

Branches:
Dungeon (1/1)

Altars:


Innate Abilities, Weirdness & Mutations

You have a pair of horns on your head.
You reflexively headbutt those who attack you in melee.


Message History

Your Axes skill increases to level 5!
You start resting.
HP restored.
You open the door.
Found 20 gold pieces and 2 potions of mutation.
There is an open door here.
You now have 11 gold pieces.
You now have 20 gold pieces (gained 9).
b - a scroll labelled JOUCAM VURPHIOWK;
d - a scroll of identify
j - 2 potions of flight
Things that are here:
a potion of mutation; 2 potions of mutation
k - a potion of mutation;
k - 3 potions of mutation (gained 2)
k - 4 potions of mutation (gained 1);
l - a scroll labelled BIAXEAXKING
d - 3 scrolls of identify (gained 2);
m - a bubbling black potion
j - 3 potions of flight (gained 1)
There is an open door here.
As you open the door, it creaks loudly!
A water elemental comes into view.
You aren't carrying any items that you can evoke.
You completely miss the water elemental.
The water elemental hits you!
Ouch! That really hurt!
The water elemental engulfs you in water!
You hit the water elemental but do no damage.
* * * LOW HITPOINT WARNING * * *
Your lungs strain for air!
The water elemental barely misses you.
You slash the water elemental!
The water elemental is moderately damaged.
* * * LOW HITPOINT WARNING * * *
Your lungs strain for air!
The water elemental misses you. The water elemental closely misses you.
You feel better.
* * * LOW HITPOINT WARNING * * *
Your lungs strain for air!
The water elemental hits you.
You hit the water elemental.
The water elemental is heavily damaged.
You die...

▓▓▓▓▓▓▓▓ ▓▓▓ <..#[..####
##.# ...#......#####..#
..##.......#..#..#
##.##.##...#..#..# #+#+#
##.##.###..##'#..#......
#.####.##..###..@E.⌠....
.###..##.†####...#...###
#.....##..###....# ⌠.#
###..##...##.....# .#
##..##....#......# #
#..###..##.#.....# #[.#
#..#####....# ▓▓▓▓ ▓▓▓▓
▓▓▓▓▓▓


You could see a water elemental.

Vanquished Creatures
  A human (D)
  A phantom (D)
  2 endoplasms (D)
  2 rats (D)
6 creatures vanquished.

Notes
Turn   | Place    | Note
-------+----------+-------------------------------------------
     0 | D        | Heoruswealwe the Minotaur Berserker began the quest for the
                  | Orb.
     0 | D        | Reached XP level 1. HP: 19/19 MP: 0/0
    31 | D        | Reached ** piety under Trog
    78 | D        | Reached XP level 2. HP: 28/28 MP: 1/1
    86 | D        | Reached skill level 5 in Fighting
    86 | D        | Reached skill level 5 in Axes
   156 | D        | Noticed a water elemental
   160 | D        | HP: 1/29 [drowned by a water elemental (6)]
   162 | D        | Drowned by a water elemental

Illustrated notes

Levels and vault maps discovered:
D:        dungeon_sprint_mu [sprint_mu_entry_cave, sprint_mu_temple_rooms,
          sprint_mu_d1_horrors, sprint_mu_d2_genie, sprint_mu_d3_branching,
          sprint_mu_orc_legion, sprint_mu_elf_gauntlet, sprint_mu_hive_nellie,
          sprint_mu_lair_fedhas, sprint_mu_vaults_butterflies,
          sprint_mu_slime_circle, sprint_mu_swamp_cave, sprint_mu_snake_twists,
          sprint_mu_blade_basic, sprint_mu_crypt_chambers,
          sprint_mu_tomb_spiral, sprint_mu_vestibule_basic,
          sprint_mu_gehenna_hellfire, sprint_mu_dis_giant,
          sprint_mu_tartarus_statrot, sprint_mu_cocytus_islands, sprint_mu_zot1]

Skill      XL: |  1  2 |
---------------+-------+-----
Fighting       | 4 5 |  5.0
Axes           | 4 5 |  5.0
Armour         | 4 |  4.2
Dodging        | 3 |  3.8

Action                     || total
---------------------------++-------
  Melee: Hand axe          ||    30
         Headbutt          ||     5
    Use: Potion            ||     2
 Armour: Leather armour    ||     4
  Dodge: Dodged            ||    14
